 Dungeon Crawl Stone Soup version 0.31.0-32-g396128a36d (webtiles) character file.

Game seed: 6310827981908117198

17990 spaghetti the Martial Artist (level 12, -43/165 HPs)
             Began as a Naga Summoner on Mar 10, 2024.
             Was an Elder of Kikubaaqudgha.
             Annihilated by an ettin
             ... wielding a +0 dire flail
              (45 damage)
             ... on level 1 of the Orcish Mines.
             The game lasted 00:29:23 (16776 turns).

spaghetti the Martial Artist (Naga Summoner)       Turns: 16776, Time: 00:29:24

Health: -43/165    AC:  6    Str: 11    XL:     12   Next: 53%
Magic:  0/34       EV: 10    Int: 19    God:    Kikubaaqudgha [****..]
Gold:   1038       SH:  0    Dex: 23    Spells: 8/29 levels left

rFire   . .          .
                       - Unarmed
rCold   . . .        (no shield)
rNeg    . . .        a - +1 robe
rPois   +            (no helmet)
rElec   .            (no cloak)
rCorr   +            (no gloves)
SInv    +            (no barding)
Will    +....        k - amulet "Pehor" {Spirit MP+9} Stlth
                     h - +6 ring of dexterity
HPRegen 0.47/turn    f - ring "Gaokibor" {rCorr Dex+4}
MPRegen 0.24/turn

%: clarity, guardian spirit
@: berserking, inugami summoned, quick
A: AC +4, large, see invisible, deformed body, poison resistance, slowness 2,
spit poison 2, naga tail 1, clarity
a: Breathe Poison Gas, Renounce Religion, Unearth Wretches


You were on level 1 of the Orcish Mines.
You worshipped Kikubaaqudgha.
Kikubaaqudgha was greatly pleased with you.
You visited 4 branches of the dungeon, and saw 16 of its levels.

You collected 1038 gold pieces.

Inventory:

Hand Weapons
 d - a +0 dagger
Armour
 a - a +1 robe (worn)
 s - a +4 plate armour
 u - the +0 hat "Ajausch" {+Blink rPois rF- Regen+}
   (You found it on level 6 of the Dungeon)

   rF-:       It makes you vulnerable to fire.
   rPois:     It protects you from poison +Blink: It lets you blink.
   Regen+:    It increases your rate of health regeneration.
 H - a +1 hat
Jewellery
 f - the ring "Gaokibor" (right hand) {rCorr Dex+4}
   (You found it on level 5 of the Dungeon)

   [ring of resist corrosion]

   Dex+4:     It affects your dexterity (+4).
   rCorr:     It protects you from acid and corrosion.
 h - a +6 ring of dexterity (left hand)
 k - the amulet "Pehor" (around neck) {Spirit MP+9}
   (You acquired it on level 2 of the Dungeon)

   [amulet of guardian spirit]

   Spirit:    It causes incoming damage to be divided between your reserves of
   health and magic.
   MP+9:      It affects your magic capacity (+9).
 K - an amulet of reflection
Talismans
 j - a maw talisman
Wands
 i - a wand of iceblast (11)
 q - a wand of charming (13)
 y - a wand of flame (17)
 z - a wand of mindburst (11)
 A - a wand of polymorph (12)
 C - a wand of light (8)
Scrolls
 c - 2 scrolls of poison
 e - 4 scrolls of enchant armour
 l - a scroll of enchant weapon
 m - 4 scrolls of immolation
 o - 2 scrolls of amnesia
 x - a scroll of teleportation
 D - 3 scrolls of vulnerability
 E - 3 scrolls of revelation
 L - a scroll of identify
Potions
 b - 2 potions of magic
 g - 9 potions of curing
 p - a potion of might
 r - 5 potions of attraction
 t - 2 potions of cancellation
 v - a potion of berserk rage
 w - 2 potions of brilliance
 I - a potion of lignification
 J - a potion of mutation
Miscellaneous
 F - a box of beasts


   Skills:
 + Level 7.8 Fighting
 - Level 1.5 Dodging
 - Level 3.0 Stealth
 + Level 12.7 Unarmed Combat
 + Level 9.0 Spellcasting
 + Level 10.1 Summonings
 + Level 6.5 Necromancy
 - Level 5.0 Fire Magic
 - Level 5.0 Air Magic


You had 8 spell levels left.
You knew the following spells:

 Your Spells              Type           Power      Damage    Failure   Level
a - Summon Small Mammal   Summ           100%       N/A       1%          1
b - Call Imp              Summ           92%        N/A       1%          2
c - Call Canine Familiar  Summ           46%        N/A       1%          3
d - Summon Blazeheart Go  Fire/Summ      37%        N/A       3%          4
e - Summon Lightning Spi  Summ/Air       37%        N/A       3%          4
f - Haunt                 Necr/Summ      20%        N/A       93%         7

Your spell library contained the following spells:

 Spells                   Type           Power      Damage    Failure   Level
 Sublimation of Blood     Necr           33%        N/A       1%          2
 Kiss of Death            Conj/Necr      80%        2d11      2%          1
 Cigotuvi's Dreadful Rot  Necr/Alch/Air  46%        N/A       2%          2
 Martyr's Knell           Necr/Summ      40%        N/A       2%          4
 Animate Dead             Necr           33%        N/A       5%          4
 Dispel Undead            Necr           33%        3d14      5%          4
 Magic Dart               Conj           32%        1d4       9%          1
 Blink                    Tloc           16%        N/A       12%         2
 Lesser Beckoning         Tloc           16%        N/A       12%         2
 Momentum Strike          Conj/Tloc      16%        3d8       12%         2
 Searing Ray              Conj           16%        2d5       12%         2
 Curse of Agony           Necr           33%        N/A       16%         5
 Anguish                  Hex/Necr       10%        N/A       22%         4
 Confusing Touch          Hex            8%         N/A       24%         3
 Tukima's Dance           Hex            8%         N/A       24%         3
 Ignite Poison            Fire/Alch      18%        N/A       28%         4
 Sticky Flame             Fire/Alch      18%        2d6       28%         4
 Dimensional Bullseye     Hex/Tloc       4%         N/A       63%         4
 Fulminant Prism          Conj/Alch      4%         3d5       63%         4
 Iskenderun's Mystic Bla  Conj/Tloc      8%         2d4       63%         4
 Passage of Golubria      Tloc           8%         N/A       63%         4
 Petrify                  Alch/Erth      8%         N/A       63%         4
 Silence                  Hex/Air        9%         N/A       63%         5
 Freezing Cloud           Conj/Ice/Air   7%         6-21      75%         5
 Irradiate                Conj/Alch      4%         3d13      92%         5
 Borgnjor's Revivificati  Necr           16%        N/A       100%        8
 Ignition                 Fire           13%        3d6       100%        8
 Lehudib's Crystal Spear  Conj/Erth      4%         10d3      100%        8
 Death's Door             Necr           16%        N/A       100%        9


Dungeon Overview and Level Annotations

Branches:
Dungeon (13/15)            Temple (1/1) D:6            Lair (1/5) D:10
    Orc (1/2) D:12
 Vaults: D:13-14

Altars:
Ashenzari
Cheibriados
Dithmenos
Elyvilon
Fedhas
Gozag
Hepliaklqana
Kikubaaqudgha
Makhleb
Nemelex Xobeh
Okawaru
Qazlal
Ru
Sif Muna
Trog
Uskayaw
Vehumet
Wu Jian
Xom
Yredelemnul
Zin
The Shining One

Shops:
D:4 (   D:5 (   D:9 [

Annotations:
D:13 Azrael


Innate Abilities, Weirdness & Mutations

Your serpentine skin is tough. (AC +4)
You have supernaturally acute eyesight. (SInv)
Armour fits poorly on your strangely shaped body.
Your system is resistant to poisons. (rPois)
You cover ground very slowly.
You can exhale a cloud of poison.
You have a snake-like lower body.
You possess an exceptional clarity of mind.


Message History

The orc warrior hits you with a +0 war axe!
Your inugami hits the ogre! Something misses your inugami.
Your inugami hits the ettin. The ogre attacks as it pursues you!
The ogre hits you with a +0 giant club.
Your inugami hits the orc warrior but does no damage.
Casting: Summon Lightning Spire (mildly dangerous; 3% risk of failure)
Confirm with . or Enter, or press ? or * to list all spells.
A fiery spirit appears, bound in slag iron.
You swap places.
Your inugami barely misses the ogre.
Your blazeheart golem punches the ettin!
The ettin hits your blazeheart golem with a +0 dire flail!!!
Your blazeheart golem falls apart, revealing its core!
The ettin completely misses your blazeheart core.
Your inugami closely misses the ogre.
Your blazeheart core explodes!
The fiery explosion engulfs the ettin!!
The fiery explosion engulfs the orc warrior!!
You kill the orc warrior!
Kikubaaqudgha accepts your kill.
The ettin is engulfed in blazing flames.
The ettin closely misses you.
The ettin hits you with a +0 great mace!!!
The ogre hits you with a +0 giant club!!
* * * LOW HITPOINT WARNING * * *
Okay, then.
A red film seems to cover your vision as you go berserk!
You feel yourself moving faster!
You feel mighty!
The ettin is engulfed in blazing flames.
The ettin hits you with a +0 dire flail!!
* * * LOW HITPOINT WARNING * * *
The ettin closely misses you.
Your inugami hits the ogre!
Unknown command.
You feel a strong urge to attack something.
The ettin is engulfed in blazing flames.
The ettin attacks as it pursues you!
The ettin hits you with a +0 dire flail!
* * * LOW HITPOINT WARNING * * *
The ettin hits you with a +0 great mace!!!
You die...
Kikubaaqudgha rasps: "You have failed me!
Welcome... death!"

........)..#.#.##
...........# # #
#.........#
.......#..#
.........##
#......h.#
#......O○##
##.....C°○#
##...@#○##
###.#### ##


You could see an ettin, an ogre (ally target) and a friendly inugami (summoned).

Vanquished Creatures
  A two-headed ogre (D:12)
  Amaemon (D:10)
  A mutant beast (D:10)
  A gargoyle (D:12)
  An orange demon (D:10)
  An unseen horror (D:12)
  2 trolls
  2 slime creatures (D:12)
  A shadow (D:10)
  A yak (D:9)
  3 wraiths
  2 wyverns
  A basilisk (D:12)
  An acid dragon (D:10)
  4 water moccasins
  A hell hound (D:13)
  5 orc warriors
  A sky beast (D:6)
  2 black bears
  An ogre (Orc:1)
  2 ice beasts
  2 centaurs (D:6)
  2 kobold brigands
  2 bullfrogs
  A scorpion (D:6)
  A killer bee (D:7)
  4 howler monkeys
  2 hounds
  2 orc priests
  A sleepcap (D:6)
  2 iguanas
  14 orc wizards
  2 nameless horrors (D:3)
  Robin (D:4)
  A gnoll (D:9)
  2 adders
  A shadow imp (D:6)
  A ribbon worm (D:2)
  22 orcs
  5 ball pythons
  2 bats
  An endoplasm (D:2)
  A giant cockroach (D:4)
  4 goblins (D:4)
  3 hobgoblins
  A jackal (D:3)
  A kobold (D:11)
  A quokka (D:5)
  A frilled lizard (D:1)
118 creatures vanquished.

Vanquished Creatures (collateral kills)
  Gastronok (D:11)
  3 two-headed ogres
  An orc knight (Orc:1)
  An ugly thing (D:11)
  An orc sorcerer (Orc:1)
  A kobold demonologist (D:11)
  2 gargoyles
  A troll (Orc:1)
  A hornet (D:11)
  7 yaks
  A slime creature (D:12)
  Sigmund (D:4)
  A wyvern (D:9)
  2 wraiths
  An acid dragon (D:10)
  2 water moccasins (D:6)
  6 orc warriors
  A sky beast (D:6)
  4 ice beasts
  2 black bears
  4 centaurs
  A kobold brigand (D:9)
  2 gnoll sergeants
  5 killer bees (D:7)
  An electric eel (D:10)
  5 howler monkeys
  2 bombardier beetles
  2 jellies
  8 orc priests
  3 hounds
  Ijyb (D:4)
  6 iguanas
  16 orc wizards
  2 mutant beasts (D:10)
  11 gnolls
  7 adders
  3 ufetubi
  A ribbon worm (D:2)
  33 orcs
  6 ball pythons
  3 endoplasms
  A giant cockroach (D:3)
  10 goblins
  6 hobgoblins
  5 jackals (D:1)
  8 kobolds
  A quokka (D:2)
  4 bats
  3 frilled lizards (D:2)
  4 rats
204 creatures vanquished.

Vanquished Creatures (others)
  An orc wizard (D:7)
  An orc (D:6)
  15 blazeheart cores
17 creatures vanquished.

Grand Total: 339 creatures vanquished

Notes
Turn   | Place    | Note
-------+----------+-------------------------------------------
     0 | D:1      | spaghetti the Naga Summoner began the quest for the Orb.
     0 | D:1      | Reached XP level 1. HP: 15/15 MP: 3/3
   166 | D:2      | Reached XP level 2. HP: 17/22 MP: 0/5
   226 | D:1      | Learned a level 2 spell: Call Imp
   994 | D:2      | Reached XP level 3. HP: 26/28 MP: 3/6
   998 | D:2      | Learned a level 3 spell: Call Canine Familiar
  1504 | D:2      | Identified a scroll of acquirement
  1504 | D:2      | Acquired the amulet "Pehor" {Spirit MP+9}
  1996 | D:2      | Reached skill level 1 in Unarmed Combat
  2186 | D:3      | Noticed a nameless horror
  2196 | D:3      | Killed a nameless horror
  2288 | D:3      | Reached XP level 4. HP: 36/36 MP: 8/8
  2761 | D:3      | Found a faded altar of an unknown god.
  3039 | D:3      | Noticed a nameless horror
  3052 | D:3      | Gained mutation: You possess an exceptional clarity of
                  | mind. [potion of mutation]
  3052 | D:3      | Gained mutation: You can exhale a cloud of poison. [potion
                  | of mutation]
  3054 | D:3      | Reached skill level 2 in Unarmed Combat
  3059 | D:3      | Killed a nameless horror
  3362 | D:3      | Reached skill level 5 in Summonings
  3362 | D:3      | Reached XP level 5. HP: 40/42 MP: 10/10
  3489 | D:3      | Learned a level 4 spell: Summon Blazeheart Golem
  3636 | D:4      | Reached skill level 3 in Unarmed Combat
  3641 | D:4      | Noticed Sigmund
  3734 | D:4      | Reached skill level 1 in Fire Magic
  3802 | D:4      | Killed Sigmund
  3803 | D:4      | Reached skill level 4 in Unarmed Combat
  3803 | D:4      | Reached XP level 6. HP: 46/49 MP: 11/11
  3931 | D:4      | Found Xaytumm's Weapon Shop.
  4076 | D:4      | Noticed a water moccasin
  4087 | D:4      | Killed a water moccasin
  4088 | D:4      | Reached XP level 7. HP: 39/55 MP: 13/13
  4162 | D:4      | Noticed Ijyb
  4175 | D:4      | Killed Ijyb
  4545 | D:4      | Reached skill level 5 in Unarmed Combat
  4758 | D:4      | Noticed Robin
  4773 | D:4      | Killed Robin
  5176 | D:5      | Entered Level 5 of the Dungeon
  5415 | D:5      | Identified the ring "Gaokibor" {rCorr Dex+4}
  5918 | D:5      | Reached skill level 6 in Unarmed Combat
  5918 | D:5      | Reached XP level 8. HP: 62/62 MP: 15/15
  6022 | D:5      | Found Gelei's Hydra Hut.
  6051 | D:5      | Noticed an eight-headed hydra
  6085 | D:5      | Reached skill level 5 in Spellcasting
  6090 | D:5      | Learned a level 4 spell: Summon Lightning Spire
  6404 | D:6      | Found a staircase to the Ecumenical Temple.
  6415 | D:6      | Reached skill level 1 in Fighting
  6415 | D:6      | Reached skill level 1 in Air Magic
  6440 | Temple   | Entered the Ecumenical Temple
  6526 | Temple   | Became a worshipper of Kikubaaqudgha
  6660 | D:6      | Reached skill level 7 in Unarmed Combat
  7297 | D:6      | Reached XP level 9. HP: 73/73 MP: 17/17
  7455 | D:6      | Reached * piety under Kikubaaqudgha
  7455 | D:6      | Received a gift from Kikubaaqudgha
  7471 | D:6      | Reached skill level 5 in Fire Magic
  7473 | D:6      | Reached skill level 8 in Unarmed Combat
  7643 | D:6      | Identified the +0 hat "Ajausch" {+Blink rPois rF- Regen+}
  8427 | D:7      | Reached skill level 9 in Unarmed Combat
  8427 | D:7      | Reached XP level 10. HP: 82/85 MP: 15/19
  8641 | D:7      | Reached skill level 1 in Necromancy
  8795 | D:7      | Reached ** piety under Kikubaaqudgha
 10195 | D:9      | Noticed a gargoyle
 10212 | D:9      | Killed a gargoyle
 10355 | D:9      | Reached skill level 5 in Fighting
 10423 | D:9      | Reached skill level 10 in Unarmed Combat
 10444 | D:9      | Reached skill level 5 in Air Magic
 10485 | D:9      | Reached *** piety under Kikubaaqudgha
 10485 | D:9      | Received a gift from Kikubaaqudgha
 10953 | D:9      | Found Qogrureo's Armour Boutique.
 11081 | D:9      | Found an opulent altar of Gozag.
 11251 | D:10     | Entered Level 10 of the Dungeon
 11511 | D:10     | Noticed a two-headed ogre
 11530 | D:10     | Killed a two-headed ogre
 11531 | D:10     | Reached XP level 11. HP: 97/97 MP: 16/22
 11812 | D:10     | Noticed a juvenile shockfire beast
 12160 | D:10     | Reached skill level 11 in Unarmed Combat
 12161 | D:10     | Noticed Amaemon
 12176 | D:10     | Killed Amaemon
 12791 | D:10     | Killed a juvenile shockfire beast
 12929 | D:10     | Found a staircase to the Lair.
 13130 | Lair:1   | Entered Level 1 of the Lair of Beasts
 13434 | D:11     | Noticed Gastronok
 13450 | D:11     | Killed Gastronok
 13451 | D:11     | Reached skill level 5 in Necromancy
 13566 | D:11     | Identified the +0 robe "Vaups" {rElec}
 14030 | D:11     | Noticed a white ugly thing
 14052 | D:11     | Killed a white ugly thing
 14371 | D:12     | Learned a level 7 spell: Haunt
 14473 | D:12     | Noticed a two-headed ogre
 14480 | D:12     | Killed a two-headed ogre
 14481 | D:12     | Reached skill level 12 in Unarmed Combat
 14481 | D:12     | Reached XP level 12. HP: 109/109 MP: 24/24
 14633 | D:12     | Found a staircase to the Orcish Mines.
 14782 | D:12     | Noticed a two-headed ogre
 14789 | D:12     | Killed a two-headed ogre
 15090 | D:12     | Found a sparkling altar of Nemelex Xobeh.
 15620 | D:13     | Noticed a two-headed ogre
 15628 | D:13     | Noticed a centaur warrior
 15631 | D:13     | Killed a two-headed ogre
 15654 | D:13     | Noticed Azrael
 15793 | Orc:1    | Entered Level 1 of the Orcish Mines
 15932 | Orc:1    | Reached **** piety under Kikubaaqudgha
 16190 | Orc:1    | Reached skill level 10 in Summonings
 16760 | Orc:1    | Noticed an ettin
 16776 | Orc:1    | HP: 2/165 [ettin/+0 dire flail (12)]
 16776 | Orc:1    | Annihilated by an ettin

Illustrated notes

Levels and vault maps discovered:
D:1:      matt_arrival_grand_opening, layout_basic
D:2:      layout_basic
D:3:      kennysheep_six_static_rooms, layout_loops_cross,
          ebering_ecumenical_altar_mist
D:4:      layout_basic, serial_shops, nicolae_stop_n_shop_2, uniq_robin,
          uniq_sigmund, uniq_ijyb
D:5:      layout_cave_pools, doesnt_shop_hydraphobe
D:6:      minmay_chambers_of_threes, layout_rooms,
          minmay_temple_entry_drinking_statues
D:7:      kennysheep_spiral_hall, layout_rooms, billiards_dpeg
D:8:      layout_loops_cross, kennysheep_generic_room_13
D:9:      layout_long_grid, grunt_gozag_breadcrumbs, serial_shops,
          kennysheep_mini, nicolae_zig_zag_zippers
D:10:     layout_long_grid, lair_entry_dummy, minmay_crystal_water,
          nicolae_beast_mode, uniq_amaemon
D:11:     layout_layer_cave, uniq_gastronok
D:12:     layout_roguey, orc_0_dummy, nemelex_spade_bored_becter
D:13:     layout_long_grid, hangedman_vaults_entry_quadrant_bands,
          minmay_fractal_squares_gapless_7, uniq_azrael
Temple:   kilobyte_greek_temple
Lair:1:   layout_cave_pods, serial_bayou_lagoon_b, infiniplex_staircase_pool,
          lemuel_fruit_tree
Orc:1:    layout_caves, nicolae_orc_stalacmites, mines4_lemuel

Skill      XL: |  1  2  3  4  5  6  7  8  9 10 11 12 |
---------------+-------------------------------------+-----
Unarmed Combat | 1 2 4 6 7 9 10 12 | 12.7
Spellcasting   | 3 4 5 6 7 8 9 |  9.0
Summonings     | 5 6 7 8 9 10 | 10.1
Fire Magic     | 1 2 3 4 5 |  5.0
Fighting       | 2 4 5 7 |  7.8
Air Magic      | 2 4 5 |  5.0
Necromancy     | 3 5 6 |  6.5
Dodging        | |  1.5
Stealth        | |  3.0

Action                     |  1- 3 |  4- 6 |  7- 9 | 10-12 || total
---------------------------+-------+-------+-------+-------++-------
  Melee: Unarmed           |    71 |    58 |   235 |   247 ||   611
         Dagger            |     6 |       |       |       ||     6
         Punch             |       |       |    11 |    19 ||    30
   Cast: Summon Small Mamm |    17 |     7 |    47 |    42 ||   113
         Call Imp          |    21 |    22 |    48 |    69 ||   160
         Call Canine Famil |    12 |    20 |    40 |    57 ||   129
         Summon Blazeheart |       |       |     7 |    32 ||    39
         Summon Lightning  |       |       |     5 |    58 ||    63
Ability: Breathe Poison Ga |       |     1 |       |       ||     1
    Use: Potion            |     1 |     6 |     3 |     4 ||    14
         Scroll            |     2 |     1 |     8 |     8 ||    19
   Stab: Distracted        |     2 |     2 |    12 |    15 ||    31
         Sleeping          |       |       |     2 |       ||     2
 Armour: Robe              |    69 |    49 |   231 |   250 ||   599
         Skin              |    11 |     2 |       |       ||    13
  Dodge: Dodged            |    42 |    39 |   143 |   143 ||   367
